Map: Eternal Empire LE

Players

cure - Winner!

  • Race: Terran Terran
  • Spawn Location: 1:00

souL

  • Race: Terran Terran
  • Spawn Location: 7:00

Event: StayAtHomestory Cup #1

VOD

Have the link to the VOD?

Description

Time

  • Played on: April 11, 2020, 11:52 a.m.
  • Length: 12:34

All games in this series

Show
View Real Time Build Order
Export as new Build Order

cure Terran - Winner!

Build Orders: Reaper Expand 

Get SALT Encoding   

  12  0:00  SCV  
  13  0:13  SCV  
  14  0:17  Supply Depot  
  14  0:25  SCV  
  15  0:38  SCV  
  15  0:39  Barracks  
  16  0:43  Refinery  
  16  0:50  SCV  
  17  1:02  SCV  
  18  1:15  SCV  
  19  1:26  Reaper  
  19  1:27  Orbital Command  
  20  1:45  Command Center  
  20  1:49  Supply Depot  
  20  1:55  SCV  
  20  1:58  Reaper  
  22  2:04  Refinery  
  22  2:07  SCV  
  23  2:19  SCV  
  24  2:28  Factory  
  24  2:31  SCV  
  24  2:38  Barracks Reactor  
  24  2:43  SCV  
  25  2:55  SCV  
  25  2:57  Orbital Command  
  26  3:07  SCV  
  27  3:12  Starport  
  27  3:13  Hellion  
  27  3:14  Marine x2  
  27  3:19  SCV  
  32  3:23  SCV  
  33  3:27  Refinery  
  33  3:32  SCV  
  33  3:34  Marine x2  
  35  3:35  SCV, Factory Tech Lab  
  35  3:37  Supply Depot  
  37  3:44  SCV  
  37  3:47  SCV  
  39  3:51  Marine  
  39  3:52  Marine  
  41  3:56  Raven  
  41  3:58  SCV  
  41  3:59  SCV, Factory Tech Lab  
  45  4:03  Supply Depot  
  45  4:07  Command Center  
  45  4:10  Marine x2  
  45  4:14  SCV x2  
  49  4:18  Cyclone  
  49  4:23  Supply Depot  
  52  4:26  SCV x2  
  52  4:30  Marine x2  
  55  4:38  SCV  
  55  4:39  SCV  
  52  4:59  SCV x2  
  55  5:11  SCV x2, Barracks  
  55  5:12  Starport Reactor  
  57  5:14  Barracks  
  57  5:16  Cyclone  
  57  5:18  Marine  
  57  5:19  Stimpack  
  58  5:21  Orbital Command  
  58  5:25  SCV x2  
  58  5:37  SCV x2, Marine  
  61  5:44  Orbital Command  
  61  5:47  Engineering Bay  
  61  5:48  Engineering Bay, Siege Tank  
  61  5:49  SCV x2  
  66  5:51  Refinery  
  66  5:55  Marine  
  67  6:01  SCV x2  
  67  6:03  Supply Depot, Marine x2  
  71  6:04  Supply Depot  
  71  6:05  Starport Reactor  
  71  6:12  Marine x2  
  71  6:13  SCV, Marine  
  71  6:14  SCV  
  71  6:15  Terran Infantry Weapons Level 1, Terran Infantry Armor Level 1  
  76  6:20  SCV, Marine x2  
  76  6:22  Siege Tank  
  82  6:26  SCV x2  
  82  6:29  Marine x2  
  82  6:30  Marine  
  82  6:32  SCV  
  88  6:38  SCV, Marine x2  
  91  6:43  Medivac x2  
  91  6:44  SCV x2  
  91  6:46  Supply Depot  
  97  6:50  SCV  
  97  6:52  Marine x3  
  101  6:58  Combat Shield  
  101  7:01  Supply Depot  
  101  7:03  Supply Depot  
  101  7:07  SCV x3, Marine x2, Siege Tank  
  109  7:09  Supply Depot  
  109  7:23  SCV x3, Medivac x2  
  109  7:25  Barracks x2  
  109  7:28  Armory  
  116  7:30  Refinery x2  
  116  7:35  SCV x3, Marine x5  
  124  7:40  Supply Depot  
  124  7:46  Supply Depot x2  
  124  7:49  SCV, Siege Tank  
  124  7:50  SCV x2  
  130  7:59  Marine x3  
  130  8:00  Marine x2  
  131  8:08  SCV x3  
  131  8:15  Barracks Reactor x2  
  131  8:16  Medivac x2  
  131  8:17  Marine x2  
  131  8:19  Terran Infantry Armor Level 2, Marine x3, Terran Infantry Weapons Level 2  
  138  8:29  Sensor Tower  
  138  8:34  Terran Vehicle Weapons Level 1, Marine x2  
  138  8:37  Command Center, Siege Tank  
  142  8:43  SCV  
  142  8:44  SCV x2, Supply Depot x2  
  142  8:45  Marine x2, Factory  
  142  8:47  Barracks Reactor  
  145  8:52  Marine x4  
  145  8:53  Marine x2  
  141  9:02  Marine x2  
  141  9:04  Medivac x2  
  141  9:05  SCV x2  
  141  9:06  SCV  
  150  9:10  Marine x2  
  150  9:11  Siege Tank  
  150  9:12  Marine x4  
  159  9:17  SCV  
  159  9:18  SCV x2  
  159  9:20  Marine x2  
  164  9:25  Marine x2  
  164  9:28  Marine x2  
  164  9:30  Marine x2, Siege Tank  
  164  9:31  Barracks  
  173  9:33  Barracks  
  173  9:35  Barracks  
  173  9:41  Sensor Tower  
  173  9:48  Marine x6  
  173  9:50  Planetary Fortress, Missile Turret  
  178  10:02  Marine x2  
  178  10:03  Marine x2  
  178  10:04  Siege Tank x2  
  188  10:12  Missile Turret  
  188  10:14  Missile Turret  
  188  10:22  Command Center  
  188  10:25  Supply Depot  
  188  10:27  Supply Depot  
  188  10:33  Marine x2  
  188  10:36  Marine x3  
  188  10:37  Marine  
  188  10:46  Marine x2  
  188  10:47  Siege Tank x2  
  188  10:48  Marine x2  
  195  10:51  Marine x2  
  195  10:53  Marine x2  
  192  10:59  Marine  
  192  11:00  Marine  
  192  11:01  Barracks Reactor x3  
  194  11:04  Marine x2  
  194  11:05  Medivac x2  
  194  11:11  Missile Turret  
  200  11:12  Missile Turret  
  200  11:20  Marine x4  
  200  11:25  Marine x6  
  188  11:26  Siege Tank x2  
  194  11:36  Medivac x2  
  194  11:38  Marine x3  
  200  11:43  Marine  
  200  12:13  Marine x6  
Show
View Real Time Build Order
Export as new Build Order

souL Terran 

Build Orders: Gas First Reaper Expand 

Get SALT Encoding   

  12  0:01  SCV  
  13  0:13  SCV  
  14  0:17  Supply Depot  
  14  0:25  SCV  
  15  0:30  Refinery  
  15  0:39  SCV  
  16  0:46  Barracks  
  16  0:51  SCV  
  17  1:03  SCV  
  18  1:15  SCV  
  19  1:33  Reaper, Orbital Command  
  20  1:52  Command Center  
  20  1:58  Factory  
  20  2:00  SCV  
  21  2:07  Barracks Reactor  
  21  2:10  Supply Depot  
  21  2:13  SCV  
  22  2:17  Refinery  
  22  2:25  SCV  
  22  2:37  SCV  
  23  2:45  Starport  
  23  2:49  SCV  
  23  2:50  Hellion x2  
  28  3:00  Supply Depot  
  28  3:01  SCV  
  28  3:02  Marine  
  29  3:11  Hellion  
  31  3:22  SCV, Hellion  
  31  3:24  Medivac  
  31  3:26  Barracks Tech Lab  
  36  3:33  Orbital Command  
  36  3:36  SCV  
  38  3:48  SCV  
  38  3:52  Supply Depot  
  38  3:53  Cyclone  
  41  3:57  Starport Tech Lab  
  41  3:59  SCV  
  41  4:00  SCV  
  41  4:02  Marine  
  44  4:08  Refinery  
  44  4:11  SCV  
  44  4:12  SCV  
  44  4:14  Supply Depot  
  46  4:17  Raven  
  46  4:22  Marine  
  46  4:23  SCV, Marine  
  51  4:24  SCV  
  52  4:33  Supply Depot  
  52  4:36  SCV  
  53  4:43  SCV, Marine  
  55  4:48  SCV, Siege Tank  
  55  4:49  Marine  
  56  4:55  SCV  
  51  5:00  Raven  
  51  5:01  SCV  
  51  5:05  Command Center  
  54  5:07  SCV  
  54  5:13  SCV, Marine  
  57  5:16  Marine  
  57  5:19  SCV  
  59  5:25  SCV, Siege Tank  
  61  5:31  SCV  
  61  5:34  Supply Depot x2  
  62  5:37  SCV  
  62  5:40  Marine  
  64  5:43  SCV  
  64  5:45  Raven  
  64  5:49  SCV  
  68  5:53  Barracks  
  68  5:54  Barracks  
  68  5:55  SCV  
  68  5:57  Supply Depot, Refinery  
  69  6:01  SCV  
  69  6:02  Siege Tank  
  73  6:07  Marine x2  
  73  6:08  SCV  
  76  6:13  Engineering Bay  
  76  6:14  Engineering Bay  
  76  6:16  Orbital Command  
  76  6:18  SCV  
  75  6:22  SCV  
  76  6:30  SCV  
  77  6:34  SCV  
  77  6:38  Starport Reactor, Siege Tank  
  81  6:41  Terran Infantry Weapons Level 1, Terran Infantry Armor Level 1  
  81  6:42  SCV  
  81  6:44  SCV  
  81  6:45  Stimpack  
  81  6:46  SCV  
  84  6:48  Barracks Reactor  
  84  6:54  SCV  
  84  6:56  SCV, Marine  
  84  6:57  Marine x2  
  84  6:59  SCV  
  90  7:06  SCV  
  91  7:08  Barracks  
  91  7:10  SCV, Barracks  
  91  7:11  SCV  
  91  7:14  Supply Depot, Marine x3, Siege Tank  
  98  7:18  SCV  
  98  7:20  Medivac  
  98  7:22  SCV, Medivac  
  104  7:25  Marine x2  
  106  7:30  Refinery x2  
  106  7:32  SCV, Marine x3  
  106  7:33  Supply Depot  
  106  7:35  SCV x2  
  112  7:37  Supply Depot  
  112  7:43  Marine x2  
  112  7:44  SCV  
  114  7:46  Siege Tank  
  114  7:47  SCV  
  114  7:48  SCV  
  114  7:51  Armory  
  119  7:55  Marine  
  119  7:56  SCV, Marine x3  
  119  7:57  Barracks Reactor  
  123  8:00  SCV x2  
  123  8:03  Marine  
  123  8:05  Marine  
  123  8:06  Medivac x2  
  123  8:18  Supply Depot, Marine x2  
  123  8:19  Supply Depot x2  
  125  8:20  Supply Depot  
  125  8:22  Supply Depot  
  125  8:25  Marine  
  125  8:29  Combat Shield, Sensor Tower  
  125  8:39  Marine x5  
  125  8:40  SCV x3, Medivac  
  135  8:49  Barracks Reactor  
  135  8:50  Command Center  
  135  8:52  SCV, Factory  
  135  8:54  Marine  
  136  8:59  Medivac  
  136  9:00  Marine x5  
  141  9:04  SCV  
  141  9:05  Marine, Sensor Tower  
  141  9:09  Terran Infantry Weapons Level 2  
  143  9:10  Medivac  
  143  9:14  Terran Infantry Armor Level 2  
  143  9:16  Marine  
  146  9:18  Marine x4  
  146  9:20  SCV  
  146  9:23  Marine  
  151  9:30  Terran Vehicle Weapons Level 1  
  150  9:32  SCV  
  150  9:35  Supply Depot  
  150  9:37  Supply Depot  
  151  9:38  Marine  
  151  9:39  Marine x7  
  151  9:41  Marine, Factory Tech Lab  
  160  9:48  SCV  
  160  9:52  Medivac x2  
  163  9:55  SCV  
  163  9:57  Marine x4  
  169  10:04  Supply Depot x2  
  169  10:12  Marine, Siege Tank  
  172  10:15  Marine x3  
  175  10:22  Liberator x2  
  175  10:24  Marine x5  
  186  10:29  Marine  
  186  10:31  Siege Tank  
  186  10:33  Marine x3  
  193  10:42  Marine x5  
  189  10:47  Command Center, Marine  
  188  10:50  Marine  
  188  10:51  Marine x2  
  186  11:00  Marine x5  
  191  11:05  Medivac, Marine  
  191  11:07  Siege Tank  
  197  11:19  Marine x2  
  197  11:20  Marine x6  
  197  11:21  Siege Tank  
  197  11:23  Marine  
  176  11:37  Marine x4  
  176  11:38  Marine x4  
  176  11:39  Siege Tank  
  187  11:41  Marine  
  180  11:53  Siege Tank  
  182  11:54  Marine x2  
  182  11:55  Marine x5  
  182  11:56  Marine  
  182  11:58  Marine  
  184  12:12  Marine x2  
  184  12:13  Marine x4  
  184  12:14  Marine  
Tags
 
Add a new tag
Caveats
  • Supply blocks, unpowered buildings, or Contaminate may cause inaccurate times.
  • Supply counts are checked every 10 seconds.